 Dungeon Crawl Stone Soup version 0.24.0-37-gcf1ca852f1 (webtiles) character file.

Game seed: 4933090620827137238, levelgen mode: deterministic

480 Amplified the Covert (level 6, -8/32 HPs)
             Began as a Spriggan Assassin on Nov 27, 2019.
             Was a Believer of Kikubaaqudgha.
             Blown up by Pikel (33 damage)
             ... with a disintegration bolt
             ... on level 5 of the Dungeon.
             The game lasted 00:07:56 (4488 turns).

Amplified the Covert (Spriggan Assassin)            Turns: 4488, Time: 00:07:57

Health: -8/32      AC:  7    Str:  7    XL:     6   Next: 86%
Magic:  8/8        EV: 21    Int: 13    God:    Kikubaaqudgha [**....]
Gold:   129        SH:  0    Dex: 19    Spells: 5/5 levels left

rFire    . . .     SeeInvis +   a - +3 dagger
rCold    . . .     Gourm    .   (shield restricted)
rNeg     . . .     Faith    .   b - +0 robe
rPois    .         Spirit   .   y - +2 hat
rElec    .         Reflect  .   c - +2 cloak
rCorr    +         Harm     .   (gloves unavailable)
MR       +....                  (boots unavailable)
Stlth    ++++......             (no amulet)
HPRegen  0.10/turn              v - ring of resist corrosion
MPRegen  0.11/turn              (no ring)

@: marked, very quick
A: very small, unfitting armour, see invisible, herbivore, speed 3, slow
metabolism 2
a: Receive Corpses, Renounce Religion


You were on level 5 of the Dungeon.
You worshipped Kikubaaqudgha.
Kikubaaqudgha was pleased with you.
You were very hungry.

You visited 1 branch of the dungeon, and saw 5 of its levels.

You collected 129 gold pieces.

Inventory:

Hand Weapons
 a - a +3 dagger (weapon)
 A - a +1 short sword of venom
Missiles
 e - 6 curare-tipped darts (quivered)
 j - 25 poisoned darts
 q - 80 stones
 u - 8 atropa-tipped darts
Armour
 b - a +0 robe (worn)
 c - a +2 cloak (worn)
 y - a +2 hat (worn)
Jewellery
 v - a ring of resist corrosion (left hand)
Wands
 h - a wand of random effects (15)
 s - a wand of disintegration (11)
Scrolls
 r - a scroll of remove curse
 t - 2 scrolls of enchant armour
 x - a scroll of fog {unknown}
Potions
 d - 3 potions of resistance
 i - 4 potions of curing {unknown}
 k - 2 potions of magic {unknown}
 l - 3 potions of haste {unknown}
 n - 3 potions of might {unknown}
 p - 3 potions of flight {unknown}
 w - a potion of berserk rage {unknown}
 z - 2 potions of heal wounds
Comestibles
 f - 10 rations


   Skills:
 * Level 3.1 Fighting
 * Level 4.3 Short Blades
 - Level 2.0 Throwing
 * Level 5.1 Dodging
 * Level 8.0 Stealth
 * Level 2.3 Evocations


You had 5 spell levels left.
You didn't know any spells.
Your spell library contained the following spells:

 Spells                   Type           Power        Failure   Level  Hunger
 Animate Skeleton         Necr           N/A          30%         1    ##.....
 Pain                     Necr           #...         30%         1    ##.....
 Corpse Rot               Necr           N/A          43%         2    ###....
 Sublimation of Blood     Necr           #.........   43%         2    ###....
 Regeneration             Chrm/Necr      #.........   67%         3    ####...
 Vampiric Draining        Necr           #.........   67%         3    ####...
 Animate Dead             Necr           N/A          97%         4    #####..


Dungeon Overview and Level Annotations

Branches:
Dungeon (5/15)             Temple (0/1) D:4

Altars:
Gozag
Kikubaaqudgha
Ru
Vehumet
Yredelemnul

Annotations:
D:5 Pikel


Innate Abilities, Weirdness & Mutations

You are very small and have problems with some larger weapons.
You are too small for most types of armour.
You have supernaturally acute eyesight. (SInv)
You are a herbivore.
You cover ground extremely quickly.
You need to consume almost no food.


Message History

Pikel struggles to resist.
Pikel zaps a wand.
You resist with significant effort.
A quokka zombie comes into view.
Unknown command.
Evoke which item? (* to show all) (? for menu, Esc to quit)
Aiming: Disintegrate
Press: ? - help, Shift-Dir - straight line, f/p - Pikel
Aim: Pikel, wielding a +0 whip of flaming, wearing a +0 robe and carrying a wand of disintegration (17) (almost dead, unusually resistant, chance to defeat MR: 75%) Pikel struggles to resist.
Pikel closely misses you. The hound barely misses you.
Unknown command.
Evoke which item? (* to show all) (? for menu, Esc to quit)
Aiming: Disintegrate
Press: ? - help, Shift-Dir - straight line, f/p - Pikel
Aim: Pikel, wielding a +0 whip of flaming, wearing a +0 robe and carrying a wand of disintegration (17) (almost dead, unusually resistant, chance to defeat MR: 75%) Pikel struggles to resist.
The hound misses you.
Pikel zaps a wand.
You are blasted!
Ouch! That really hurt!
You die...
Kikubaaqudgha rasps: "You have failed me!
Welcome... death!"

.. #.
##.#########
#...........
#...........
###...........
.#.....h.$.....
(Z....K@.......
...............
#.(.#...####...
### #...# .
#####


You could see Pikel, a hound and a quokka zombie.

Vanquished Creatures
  Edmund (D:4)
  4 slaves (D:5)
  A scorpion (D:4)
  Crazy Yiuf (D:2)
  2 orc wizards (D:4)
  Ijyb (D:2)
  A worker ant (D:4)
  7 adders
  An adder skeleton (D:4)
  3 worms
  2 dart slugs
  5 leopard geckos
  8 orcs
  7 bats
  3 giant cockroaches
  10 goblins
  6 hobgoblins
  4 jackals (D:4)
  2 quokkas (D:4)
  2 ball pythons
  4 frilled lizards
  8 kobolds
  A leopard gecko skeleton (D:4)
  8 rats
92 creatures vanquished.

Notes
Turn   | Place    | Note
-------+----------+-------------------------------------------
     0 | D:1      | Amplified the Spriggan Assassin began the quest for the
                  | Orb.
     0 | D:1      | Reached XP level 1. HP: 10/10 MP: 2/2
   130 | D:1      | Reached skill level 6 in Stealth
   130 | D:1      | Reached XP level 2. HP: 15/15 MP: 3/3
   612 | D:1      | You fall into a shaft and drop 1 floor!
   695 | D:2      | Found a runed translucent door.
   696 | D:2      | Noticed Crazy Yiuf
   730 | D:2      | Killed Crazy Yiuf
   730 | D:2      | Reached XP level 3. HP: 12/18 MP: 4/4
  1261 | D:2      | Noticed Ijyb
  1288 | D:2      | Reached XP level 4. HP: 22/23 MP: 5/5
  1526 | D:2      | Killed Ijyb
  1769 | D:2      | Found a basalt altar of Yredelemnul.
  1769 | D:2      | Found a faded altar of an unknown god.
  1777 | D:2      | Found a faded altar of an unknown god.
  1779 | D:2      | Found an opulent altar of Gozag.
  1782 | D:2      | Found a sacrificial altar of Ru.
  1802 | D:2      | Became a worshipper of Kikubaaqudgha
  1802 | D:2      | Reached * piety under Kikubaaqudgha
  1802 | D:2      | Identified Kikubaaqudgha's Guide on Evil (Kikubaaqudgha
                  | gifted it to you on level 2 of the Dungeon)
  1802 | D:2      | Received a gift from Kikubaaqudgha
  1989 | D:3      | Reached skill level 7 in Stealth
  2169 | D:3      | Reached XP level 5. HP: 18/27 MP: 6/6
  2320 | D:3      | Found a faded altar of an unknown god.
  2455 | D:3      | Found a radiant altar of Vehumet.
  3010 | D:4      | Reached ** piety under Kikubaaqudgha
  3262 | D:4      | Found a staircase to the Ecumenical Temple.
  3348 | D:4      | Noticed Edmund
  3362 | D:4      | Killed Edmund
  3362 | D:4      | Reached skill level 1 in Evocations
  3362 | D:4      | Reached XP level 6. HP: 28/32 MP: 6/8
  4001 | D:4      | Reached skill level 5 in Dodging
  4009 | D:4      | Reached skill level 8 in Stealth
  4475 | D:5      | Entered Level 5 of the Dungeon
  4475 | D:5      | Noticed Pikel
  4475 | D:5      | Noticed a slave
  4475 | D:5      | Noticed a slave
  4476 | D:5      | Noticed a slave
  4476 | D:5      | Noticed a slave
  4478 | D:5      | Killed a slave
  4480 | D:5      | Killed a slave
  4481 | D:5      | Killed a slave
  4481 | D:5      | Killed a slave
  4488 | D:5      | Blown up by Pikel

Levels and vault maps discovered:
D:1:      scummos_arrival_checkerplants, layout_rooms
D:2:      kennysheep_the_goblin_king, layout_basic,
          chequers_temple_overflow_minitemple, minmay_circle_x,
          uniq_crazy_yiuf_cottage
D:3:      layout_basic, marbit_many_paths, chequers_ecumenical_altar_lobes,
          first_ration, minmay_between
D:4:      layout_loops_corners, minmay_temple_entry_junction,
          serial_bayou_pond_c, st_stairs_12, nicolae_underground_beach,
          uniq_edmund
D:5:      layout_cave_pools, chequers_serial_rivers_large_b,
          nicolae_dithmenos_through_a_glass_darkly, uniq_pikel

Skill      XL: |  1  2  3  4  5  6 |
---------------+-------------------+-----
Dodging        | 2 3 4 5 |  5.1
Stealth        | 6 7 8 |  8.0
Fighting       | 2 3 |  3.1
Short Blades   | 3 4 |  4.3
Evocations     | 1 2 |  2.3
Throwing       | |  2.0

Action                   |  1- 3 |  4- 6 || total
-------------------------+-------+-------++-------
Melee: Dagger            |    58 |   244 ||   302
Throw: Dart              |    16 |    16 ||    32
Evoke: Wand              |       |    14 ||    14
  Use: Scroll            |     6 |     4 ||    10
       Potion            |       |     2 ||     2
 Stab: Sleeping          |    10 |    12 ||    22
       Distracted        |       |     1 ||     1
Armor: Robe              |     5 |    17 ||    22
Dodge: Dodged            |    25 |   142 ||   167
